TOP OF THE 1ST |
Burlington Bees batting - Pitching for Bowling Green Hot Rods : LHP Chris Ross
|
Pitching: LHP Chris Ross
|
|
Batting: RHB Jeff Long
|
0-0: Foul Ball, location: 2F 0-1: Foul Ball, location: 2F 0-2: Ball 1-2: Fly out, F8 (Line Drive, 8RD, EV 99.4 MPH)
|
Batting: RHB Adam Noyes
|
0-0: Called Strike 0-1: Foul Ball, location: 2F 0-2: Ball 1-2: Strikes out swinging
|
Batting: LHB Rusty Ney
|
0-0: Fly out, F4 (Flyball, 34D, EV 81.9 MPH)
|
Top of the 1st over - 0 runs, 0 hits, 0 errors, 0 left on base; Burlington 0 - Bowling Green 0 |
BOTTOM OF THE 1ST |
Bowling Green Hot Rods batting - Pitching for Burlington Bees : LHP Curt Joseph
|
Pitching: LHP Curt Joseph
|
|
Batting: RHB Jonathan Fraire
|
0-0: Swinging Strike 0-1: Ball 1-1: Ball 2-1: Ball 3-1: Base on Balls
|
Batting: RHB Adam Kaeser
|
0-0: Foul Ball, location: 2F 0-1: Ball 1-1: Ball 2-1: Foul Ball, location: 2F 2-2: Ball 3-2: SINGLE (Line Drive, 8RS, EV 96.9 MPH) Jonathan Fraire to second Runner from 2nd tries for 3rd, OUT! 9-5
|
Batting: RHB David Ward
|
0-0: Ball 1-0: Foul Ball, location: 2F 1-1: Ball 2-1: Ball 3-1: Base on Balls Adam Kaeser to second
|
Batting: RHB Paul Landes
|
0-0: Ball 1-0: Ball 2-0: Called Strike 2-1: Ball 3-1: Called Strike 3-2: Foul Ball, location: 2F 3-2: Foul Ball, location: 2F 3-2: Base on Balls Adam Kaeser to third David Ward to second
|
Batting: RHB Steve Byerly
|
0-0: Ball 1-0: Foul Ball, location: 2F 1-1: Foul Ball, location: 2F 1-2: Fly out, F7 (Flyball, 7D, EV 106.9 MPH) Runner from 3rd tags up, SCORES, no throw by LF
|
Batting: LHB Jake Rheaume
|
0-0: Swinging Strike 0-1: Ball 1-1: Foul Ball, location: 2F 1-2: Hit by Pitch David Ward to third Paul Landes to second
|
Batting: RHB Kevin Benfield
|
0-0: Called Strike 0-1: Ball 1-1: Swinging Strike 1-2: Strikes out swinging
|
Bottom of the 1st over - 1 run, 1 hit, 0 errors, 3 left on base; Burlington 0 - Bowling Green 1 |
TOP OF THE 2ND |
Burlington Bees batting - Pitching for Bowling Green Hot Rods : LHP Chris Ross
|
Batting: RHB Melvin Gomez
|
0-0: Foul Ball, location: 2F 0-1: Ball 1-1: DOUBLE (Line Drive, 3D, EV 100.0 MPH)
|
Batting: RHB Jonathan Ellis
|
0-0: Ball 1-0: DOUBLE (Groundball, 5L, EV 101.3 MPH) Melvin Gomez scores
|
Batting: RHB Ryan Munro
|
0-0: Ball 1-0: Ball 2-0: Ball 3-0: Called Strike 3-1: Base on Balls
|
Batting: RHB Ryuji Ito
|
0-0: Called Strike 0-1: DOUBLE (Flyball, 89XD, EV 96.9 MPH) Jonathan Ellis scores Ryan Munro to third
|
Batting: LHB Bill Kirtley
|
0-0: Ball 1-0: Swinging Strike 1-1: Fly out, F9 (Flyball, 9, EV 90.6 MPH)
|
Batting: SHB Tim Connell
|
0-0: Called Strike 0-1: SINGLE (Groundball, 34D, EV 109.4 MPH) Ryan Munro scores Ryuji Ito to third Runner from 3rd tries for Home, SAFE, throw by RF to home
|
Batting: RHB Jeff Long
|
0-0: Foul Ball, location: 2F 0-1: Ball 1-1: Ball 2-1: Ball 3-1: Fly out, F7 (Flyball, 7D, EV 78.8 MPH)
|
Batting: RHB Adam Noyes
|
0-0: Ball 1-0: Ball Tim Connell steals 2nd base 2-0: Called Strike 2-1: Ground out 4-3 (Groundball, 34, EV 86.9 MPH)
|
Top of the 2nd over - 4 runs, 4 hits, 0 errors, 1 left on base; Burlington 4 - Bowling Green 1 |
BOTTOM OF THE 2ND |
Bowling Green Hot Rods batting - Pitching for Burlington Bees : LHP Curt Joseph
|
Batting: LHB Mario Ocana
|
0-0: Called Strike 0-1: Foul Ball, location: 2F 0-2: Ball 1-2: SINGLE (Groundball, P, EV 81.9 MPH) (infield hit)
|
Batting: SHB Julio Hernandez
|
0-0: Called Strike 0-1: Called Strike 0-2: DOUBLE (Line Drive, 78D, EV 114.4 MPH) Mario Ocana to third Runner from 3rd tries for Home, SAFE, no throw by LF
|
Batting: RHB Jonathan Fraire
|
0-0: Called Strike 0-1: SINGLE (Flyball, 78S, EV 90.6 MPH) Julio Hernandez to third Runner from 3rd tries for Home, SAFE, throw by LF to home
|
Batting: RHB Adam Kaeser
|
0-0: Ball 1-0: Ball 2-0: Foul Ball, location: 2F 2-1: Swinging Strike 2-2: Strikes out looking
|
Batting: RHB David Ward
|
0-0: Ball 1-0: Called Strike 1-1: Called Strike 1-2: Grounds into double play, 6-4-3 (Groundball, 6, EV 106.9 MPH)
|
Bottom of the 2nd over - 2 runs, 3 hits, 0 errors, 0 left on base; Burlington 4 - Bowling Green 3 |
TOP OF THE 3RD |
Burlington Bees batting - Pitching for Bowling Green Hot Rods : LHP Chris Ross
|
Batting: LHB Rusty Ney
|
0-0: Foul Ball, location: 2F 0-1: Ball 1-1: Foul Ball, location: 2F 1-2: Foul Ball, location: 2F 1-2: Ball 2-2: Strikes out looking
|
Batting: RHB Melvin Gomez
|
0-0: Foul Ball, location: 2F 0-1: Fly out, F3 (Line Drive, 3, EV 64.4 MPH)
|
Batting: RHB Jonathan Ellis
|
0-0: Ground out 6-3 (Groundball, 6, EV 85.6 MPH)
|
Top of the 3rd over - 0 runs, 0 hits, 0 errors, 0 left on base; Burlington 4 - Bowling Green 3 |
BOTTOM OF THE 3RD |
Bowling Green Hot Rods batting - Pitching for Burlington Bees : LHP Curt Joseph
|
Batting: RHB Paul Landes
|
0-0: Called Strike 0-1: Swinging Strike 0-2: Ball 1-2: Ball 2-2: Fly out, F8 (Flyball, 8RM, EV 93.8 MPH)
|
Batting: RHB Steve Byerly
|
0-0: Called Strike 0-1: Called Strike 0-2: Ball 1-2: Ball 2-2: Foul Ball, location: 2F 2-2: Strikes out swinging
|
Batting: LHB Jake Rheaume
|
0-0: Foul Ball, location: 2F 0-1: Ball 1-1: Foul Ball, location: 2F 1-2: Ball 2-2: SINGLE (Line Drive, 89S, EV 111.9 MPH)
|
Batting: RHB Kevin Benfield
|
0-0: Foul Ball, location: 2F 0-1: Ground out 6-3 (Groundball, 6S, EV 70.0 MPH)
|
Bottom of the 3rd over - 0 runs, 1 hit, 0 errors, 1 left on base; Burlington 4 - Bowling Green 3 |
TOP OF THE 4TH |
Burlington Bees batting - Pitching for Bowling Green Hot Rods : LHP Chris Ross
|
Batting: RHB Ryan Munro
|
0-0: Called Strike 0-1: Hit by Pitch
|
Batting: RHB Ryuji Ito
|
0-0: Ball 1-0: Grounds into double play, 6-4-3 (Groundball, 56, EV 87.5 MPH)
|
Batting: LHB Bill Kirtley
|
0-0: Ball 1-0: Ball 2-0: Ball 3-0: Base on Balls
|
Batting: SHB Tim Connell
|
0-0: Ball 1-0: Ball 2-0: Swinging Strike 2-1: Foul Ball, location: 2F 2-2: Ball 3-2: Strikes out swinging
|
Top of the 4th over - 0 runs, 0 hits, 0 errors, 1 left on base; Burlington 4 - Bowling Green 3 |
BOTTOM OF THE 4TH |
Bowling Green Hot Rods batting - Pitching for Burlington Bees : LHP Curt Joseph
|
Batting: LHB Mario Ocana
|
0-0: Ball 1-0: DOUBLE (Flyball, 78D, EV 95.0 MPH)
|
Batting: SHB Julio Hernandez
|
0-0: Swinging Strike 0-1: Ball 1-1: Ground out 6-3 (Groundball, 6S, EV 83.8 MPH)
|
Batting: RHB Jonathan Fraire
|
0-0: Swinging Strike 0-1: Ball 1-1: Foul Ball, location: 2F 1-2: Ground out 5-3 (Groundball, 56, EV 85.6 MPH)
|
Pitching: RHP Mike Walrath
|
|
Batting: RHB Adam Kaeser
|
0-0: Ball 1-0: Swinging Strike 1-1: Called Strike 1-2: Ball 2-2: Ball 3-2: SINGLE (Groundball, 4MD, EV 102.5 MPH) Mario Ocana to third Runner from 3rd tries for Home, SAFE, throw by CF to home
|
Batting: RHB David Ward
|
0-0: SINGLE (Groundball, 6D, EV 110.0 MPH) Adam Kaeser to second
|
Batting: RHB Paul Landes
|
0-0: Ball 1-0: Foul Ball, location: 2F 1-1: Foul Ball, location: 2F 1-2: Ball 2-2: Ball 3-2: Base on Balls Adam Kaeser to third David Ward to second
|
Batting: RHB Steve Byerly
|
0-0: Called Strike 0-1: Ground out 1-3 (Groundball, 34S, EV 67.5 MPH)
|
Bottom of the 4th over - 1 run, 3 hits, 0 errors, 3 left on base; Burlington 4 - Bowling Green 4 |
TOP OF THE 5TH |
Burlington Bees batting - Pitching for Bowling Green Hot Rods : LHP Chris Ross
|
Batting: RHB Jeff Long
|
0-0: Ball 1-0: Called Strike 1-1: Ball 2-1: Foul Ball, location: 2F 2-2: Ball 3-2: Ground out U3 (Groundball, 34S, EV 82.5 MPH)
|
Batting: RHB Adam Noyes
|
0-0: Called Strike 0-1: Hit by Pitch
|
Batting: LHB Rusty Ney
|
0-0: SINGLE (Line Drive, 4D, EV 100.0 MPH) Adam Noyes to second
|
Batting: RHB Melvin Gomez
|
0-0: Ball Adam Noyes steals 3rd base 1-0: Ball Rusty Ney is caught stealing 2nd base 2-4 2-0: Called Strike 2-1: Foul Ball, location: 2F 2-2: SINGLE (Line Drive, 6D, EV 100.0 MPH) Adam Noyes scores
|
Pitching: RHP Suezo Nagai
|
|
Batting: RHB Jonathan Ellis
|
0-0: Ball Melvin Gomez steals 2nd base 1-0: Ball 2-0: Swinging Strike 2-1: Swinging Strike 2-2: SINGLE (Line Drive, 78M, EV 101.9 MPH) Melvin Gomez to third Runner from 3rd tries for Home, SAFE, throw by CF to home Jonathan Ellis to second
|
Batting: RHB Ryan Munro
|
0-0: Ball 1-0: Called Strike 1-1: Ball 2-1: Fly out, F8 (Flyball, 89D, EV 96.3 MPH)
|
Top of the 5th over - 2 runs, 3 hits, 0 errors, 1 left on base; Burlington 6 - Bowling Green 4 |
BOTTOM OF THE 5TH |
Bowling Green Hot Rods batting - Pitching for Burlington Bees : RHP Mike Walrath
|
Batting: LHB Jake Rheaume
|
0-0: Called Strike 0-1: Called Strike 0-2: Ball 1-2: Ball 2-2: Foul Ball, location: 2F 2-2: Ball 3-2: Strikes out looking
|
Batting: RHB Kevin Benfield
|
0-0: Called Strike 0-1: Ball 1-1: Ball 2-1: Ground out 4-3 (Groundball, 4, EV 83.1 MPH)
|
Batting: LHB Mario Ocana
|
0-0: Swinging Strike 0-1: Ball 1-1: Ball 2-1: Fly out, F4 (Line Drive, 4, EV 71.9 MPH)
|
Bottom of the 5th over - 0 runs, 0 hits, 0 errors, 0 left on base; Burlington 6 - Bowling Green 4 |
TOP OF THE 6TH |
Burlington Bees batting - Pitching for Bowling Green Hot Rods : RHP Suezo Nagai
|
Batting: RHB Ryuji Ito
|
0-0: Ball 1-0: Called Strike 1-1: SINGLE (Groundball, 4M, EV 109.4 MPH) (infield hit)
|
Batting: LHB Bill Kirtley
|
0-0: Called Strike Ryuji Ito steals 2nd base 0-1: Ball 1-1: Ball 2-1: Ball 3-1: Foul Ball, location: 2F 3-2: Ground out U3 (Groundball, 34, EV 90.6 MPH) Ryuji Ito to third
|
Batting: SHB Tim Connell
|
0-0: Foul Ball, location: 2F 0-1: Ball 1-1: Ball 2-1: Ball 3-1: Ground out U3 (Groundball, 3S, EV 66.9 MPH)
|
Batting: RHB Jeff Long
|
0-0: Ball 1-0: Foul Ball, location: 2F 1-1: Ground out 6-3 (Groundball, 6M, EV 79.4 MPH)
|
Top of the 6th over - 0 runs, 1 hit, 0 errors, 1 left on base; Burlington 6 - Bowling Green 4 |
BOTTOM OF THE 6TH |
Bowling Green Hot Rods batting - Pitching for Burlington Bees : RHP Mike Walrath
|
Batting: SHB Julio Hernandez
|
0-0: Called Strike 0-1: Ball 1-1: Ball 2-1: Called Strike 2-2: Ball 3-2: Strikes out looking
|
Batting: RHB Jonathan Fraire
|
0-0: Ball 1-0: Ball 2-0: Ball 3-0: Called Strike 3-1: SINGLE (Line Drive, 4MD, EV 95.0 MPH)
|
Pitching: LHP Tyler Kenney
|
|
Batting: RHB Adam Kaeser
|
0-0: Called Strike Jonathan Fraire is caught stealing 2nd base 2-4 0-1: Ball 1-1: Ball 2-1: Foul Ball, location: 2F 2-2: Ball 3-2: Foul Ball, location: 2F 3-2: SINGLE (Flyball, 8LS, EV 98.1 MPH)
|
Batting: RHB David Ward
|
0-0: Ball 1-0: Called Strike 1-1: Ball 2-1: Foul Ball, location: 2F 2-2: Strikes out swinging
|
Bottom of the 6th over - 0 runs, 2 hits, 0 errors, 1 left on base; Burlington 6 - Bowling Green 4 |
TOP OF THE 7TH |
Burlington Bees batting - Pitching for Bowling Green Hot Rods : RHP Suezo Nagai
|
Batting: RHB Adam Noyes
|
0-0: Called Strike 0-1: DOUBLE (Line Drive, 7LM, EV 110.0 MPH)
|
Batting: LHB Rusty Ney
|
0-0: Called Strike 0-1: Foul Ball, location: 2F 0-2: Ball 1-2: Fly out, F8 (Flyball, 8RD, EV 105.0 MPH)
|
Batting: RHB Melvin Gomez
|
0-0: Ball 1-0: Ball Passed Ball! Adam Noyes to third 2-0: Foul Ball, location: 2F 2-1: Ground out 4-3 (Groundball, 4, EV 80.6 MPH) Adam Noyes scores
|
Batting: RHB Jonathan Ellis
|
0-0: Called Strike 0-1: Called Strike 0-2: Ball 1-2: Foul Ball, location: 2F 1-2: Ground out 1-3 (Groundball, 15, EV 67.5 MPH)
|
Top of the 7th over - 1 run, 1 hit, 0 errors, 0 left on base; Burlington 7 - Bowling Green 4 |
BOTTOM OF THE 7TH |
Bowling Green Hot Rods batting - Pitching for Burlington Bees : LHP Tyler Kenney
|
Batting: RHB Paul Landes
|
0-0: Ball 1-0: Foul Ball, location: 2F 1-1: Ground out 6-3 (Groundball, 6, EV 106.9 MPH)
|
Batting: RHB Steve Byerly
|
0-0: Ground out U3 (Groundball, 34, EV 82.5 MPH)
|
Batting: LHB Jake Rheaume
|
0-0: Called Strike 0-1: Ground out 4-3 (Groundball, 4, EV 87.5 MPH)
|
Bottom of the 7th over - 0 runs, 0 hits, 0 errors, 0 left on base; Burlington 7 - Bowling Green 4 |
TOP OF THE 8TH |
Burlington Bees batting - Pitching for Bowling Green Hot Rods : RHP Suezo Nagai
|
Pitching: LHP Chris Polite
|
|
Batting: RHB Ryan Munro
|
0-0: Ball 1-0: Called Strike 1-1: Called Strike 1-2: Ball 2-2: Strikes out swinging
|
Batting: RHB Ryuji Ito
|
0-0: Ball 1-0: Called Strike 1-1: Ball 2-1: Foul Ball, location: 2F 2-2: Strikes out swinging
|
Batting: LHB Bill Kirtley
|
0-0: Ball 1-0: Fly out, F7 (Flyball, 7D, EV 92.5 MPH)
|
Top of the 8th over - 0 runs, 0 hits, 0 errors, 0 left on base; Burlington 7 - Bowling Green 4 |
BOTTOM OF THE 8TH |
Bowling Green Hot Rods batting - Pitching for Burlington Bees : LHP Tyler Kenney
|
Now at 2B: Jason Habeck
|
|
Now at 3B: Steve Hughey
|
|
Batting: RHB Kevin Benfield
|
0-0: Ball 1-0: Ball 2-0: Called Strike 2-1: Ball 3-1: Foul Ball, location: 2F 3-2: Foul Ball, location: 2F 3-2: Base on Balls
|
Batting: LHB Mario Ocana
|
0-0: Called Strike 0-1: Ball 1-1: Foul Ball, location: 2F 1-2: Ball 2-2: Strikes out swinging
|
Batting: SHB Julio Hernandez
|
0-0: Foul Ball, location: 2F 0-1: Ball 1-1: Ball 2-1: Ball 3-1: Swinging Strike 3-2: Strikes out looking
|
Batting: RHB Jonathan Fraire
|
0-0: Ball 1-0: Foul Ball, location: 2F 1-1: Ball 2-1: Ball 3-1: Base on Balls Kevin Benfield to second
|
Pitching: RHP Mike Guidroz
|
|
Batting: RHB Adam Kaeser
|
0-0: Ball 1-0: Called Strike 1-1: Foul Ball, location: 2F 1-2: DOUBLE (Flyball, 89D, EV 85.6 MPH) Kevin Benfield scores Jonathan Fraire to third Runner from 3rd tries for Home, SAFE, no throw by RF
|
Batting: RHB David Ward
|
0-0: Called Strike 0-1: Foul Ball, location: 2F 0-2: Foul Ball, location: 2F 0-2: Ball 1-2: Ball 2-2: Foul Ball, location: 2F 2-2: Reached on error, E5 (Groundball, 56S, EV 66.9 MPH) Adam Kaeser to third
|
Batting: RHB Paul Landes
|
0-0: Ball 1-0: Foul Ball, location: 2F 1-1: Foul Ball, location: 2F 1-2: Strikes out swinging
|
Bottom of the 8th over - 2 runs, 1 hit, 1 error, 2 left on base; Burlington 7 - Bowling Green 6 |
TOP OF THE 9TH |
Burlington Bees batting - Pitching for Bowling Green Hot Rods : LHP Chris Polite
|
Batting: SHB Tim Connell
|
0-0: Ground out 4-3 (Groundball, 4, EV 84.4 MPH)
|
Batting: RHB Jeff Long
|
0-0: Called Strike 0-1: Fly out, F2 (Popup, 25F, EV 83.1 MPH)
|
Batting: RHB Adam Noyes
|
0-0: Ball 1-0: TRIPLE (Flyball, 78XD, EV 89.4 MPH)
|
Batting: LHB Rusty Ney
|
0-0: Ball 1-0: Ball 2-0: Ball 3-0: Called Strike 3-1: Ground out 6-3 (Groundball, 6, EV 95.6 MPH)
|
Top of the 9th over - 0 runs, 1 hit, 0 errors, 1 left on base; Burlington 7 - Bowling Green 6 |
BOTTOM OF THE 9TH |
Bowling Green Hot Rods batting - Pitching for Burlington Bees : RHP Mike Guidroz
|
Pitching: RHP Trece Hunter
|
|
Pinch Hitting: LHB Jimmy Detrie
|
0-0: Ball 1-0: Foul Ball, location: 2F 1-1: Ball 2-1: Fly out, F8 (Flyball, 78S, EV 71.9 MPH)
|
Batting: LHB Jake Rheaume
|
0-0: DOUBLE (Flyball, 89XD, EV 110.6 MPH)
|
Batting: RHB Kevin Benfield
|
0-0: Ball 1-0: Ball 2-0: SINGLE (Groundball, 34D, EV 97.5 MPH) Jake Rheaume to third Runner from 3rd tries for Home, SAFE, throw by RF to home Kevin Benfield to second
|
Batting: LHB Mario Ocana
|
0-0: Intentional Walk
|
Pinch Runner at 2nd Jeremy Burton:
|
|
Batting: SHB Julio Hernandez
|
0-0: Called Strike 0-1: Ball 1-1: Ground out U3 (Groundball, 3L, EV 80.0 MPH) Jeremy Burton to third Mario Ocana to second
|
Batting: RHB Jonathan Fraire
|
0-0: Ball 1-0: Foul Ball, location: 2F 1-1: Ball 2-1: Called Strike 2-2: SINGLE (Line Drive, 9S, EV 90.0 MPH) Jeremy Burton scores
|
Bottom of the 9th over - 2 runs, 3 hits, 0 errors, 0 left on base; Burlington 7 - Bowling Green 8 |
|
Game Over ... Bowling Green defeats Burlington, 8 to 7
|
|
|